 Dungeon Crawl Stone Soup version 0.31.0-32-g396128a36d (webtiles) character file.

Game seed: 1846740399475833201

61 Curundu the Chopper (level 3, -2/34 HPs)
             Began as a Minotaur Berserker on Apr 13, 2024.
             Was a Believer of Trog.
             Slain by a goblin
             ... wielding a +0 dagger
             ... led by Robin
              (6 damage)
             ... on level 2 of the Dungeon.
             The game lasted 00:01:56 (611 turns).

Curundu the Chopper (Minotaur Berserker)             Turns: 611, Time: 00:01:56

Health: -2/34      AC:  2    Str: 23    XL:     3   Next: 83%
Magic:  2/2        EV: 12    Int:  4    God:    Trog [**....]
Gold:   53         SH:  0    Dex:  9    Spells: 2/2 levels left

rFire   . . .        a - +0 hand axe
rCold   . . .        (no shield)
rNeg    . . .        b - +0 animal skin
rPois   .            (helmet restricted)
rElec   .            (no cloak)
rCorr   .            (no gloves)
SInv    .            (no boots)
Will    .....        (no amulet)
Stlth   +            (no ring)
HPRegen 0.25/turn    (no ring)
MPRegen 0.08/turn

%: no passive effects
@: on berserk cooldown, slowed, very slow
A: horns 2, retaliatory headbutt
a: Renounce Religion, Berserk, Trog's Hand


You were on level 2 of the Dungeon.
You worshipped Trog.
Trog was pleased with you.
You visited 1 branch of the dungeon, and saw 2 of its levels.

You collected 53 gold pieces.

Inventory:

Hand Weapons
 a - a +0 hand axe (weapon)
Armour
 b - a +0 animal skin (worn)
Scrolls
 c - a scroll of brand weapon {unknown}
 e - a scroll of identify {unknown}
 f - a scroll of enchant weapon {unknown}
 g - a scroll of acquirement {unknown}
 h - a scroll of noise {unknown}
 i - a scroll of vulnerability {unknown}
Potions
 d - a potion of haste {unknown}


   Skills:
 + Level 4.4 Fighting
 + Level 4.7 Axes
 + Level 2.6 Armour
 + Level 2.8 Dodging


You had 2 spell levels left.
You didn't know any spells.
Your spell library was empty.

Dungeon Overview and Level Annotations

Branches:
Dungeon (2/15)

Altars:


Innate Abilities, Weirdness & Mutations

You have a pair of horns on your head.
You reflexively headbutt those who attack you in melee.


Message History

The goblin shoots a sling bullet.
The sling bullet misses you.
You feel sick.
Things that are here:
a +0 dagger; a rat corpse You closely miss the goblin.
You slash the goblin!
You kill the goblin!
Trog accepts your kill.
A goblin comes into view. It is wielding a +0 club.
The goblin unwields a +2 sling of flaming.
It stops flaming.
The goblin wields a +0 club.
The goblin barely misses you. You furiously retaliate!
You headbutt the goblin!
You kill the goblin!
Trog accepts your kill.
You hit the hobgoblin.
You kill the hobgoblin!
Trog accepts your kill.
You feel sick.
A goblin comes into view. It is wielding a +0 dagger.
You completely miss Robin.
You feel sick. Robin hits you with a +0 short sword.
* * * LOW HITPOINT WARNING * * *
A goblin comes into view. It is wielding a +0 club.
Unknown command.
You slash Robin! You headbutt Robin.
You kill Robin!
Trog accepts your kill.
You feel sick.
You are no longer poisoned.
Items here: ))) [[ †.
Unknown command.
You feel a strong urge to attack something.
You are no longer berserk.
You are exhausted.
You feel yourself slow down. The goblin closely misses you.
You miss the goblin. Your headbutt misses the goblin.
You barely miss the goblin. The goblin closely misses you.
You barely miss the goblin. You hit the goblin.
The goblin hits you but does no damage. The goblin hits you with a +0 dagger.
* * * LOW HITPOINT WARNING * * *
The goblin hits you with a +0 dagger.
You die...

################
...............#
...............#
...............#
......gg.)...<.#
.....gg@))#
....#####.#### .
#....†...###
#).....#...#########
#......###.##.......
#......# #..<.......
#......#####........
............#........
.........###........^.


You could see 4 goblins.

Vanquished Creatures
  Robin (D:2)
  An adder (D:2)
  A ball python (D:1)
  An endoplasm (D:1)
  A giant cockroach (D:1)
  7 hobgoblins
  4 jackals (D:1)
  2 quokkas (D:1)
  3 bats (D:1)
  2 frilled lizards (D:1)
  7 goblins
  3 kobolds (D:1)
  3 rats
36 creatures vanquished.

Notes
Turn   | Place    | Note
-------+----------+-------------------------------------------
     0 | D:1      | Curundu the Minotaur Berserker began the quest for the Orb.
     0 | D:1      | Reached XP level 1. HP: 19/19 MP: 0/0
    54 | D:1      | Found a faded altar of an unknown god.
   114 | D:1      | Reached XP level 2. HP: 20/27 MP: 1/1
   305 | D:1      | Reached ** piety under Trog
   386 | D:1      | Reached XP level 3. HP: 24/33 MP: 2/2
   596 | D:2      | Noticed Robin
   607 | D:2      | Killed Robin
   611 | D:2      | Slain by a goblin

Illustrated notes

Levels and vault maps discovered:
D:1:      co_arrival_square_in_a_square_in_a_square, layout_rooms,
          shapermc_ecumenical_altar_totnotflames, minmay_misc_feat_diagonals,
          minmay_box_of_dots
D:2:      layout_rooms, serial_shops, nicolae_shop_window_shopping, uniq_robin

Skill      XL: |  1  2 |
---------------+-------+-----
Fighting       | 4 |  4.4
Axes           | 4 |  4.7
Armour         | |  2.6
Dodging        | |  2.8

Action                     || total
---------------------------++-------
  Melee: Hand axe          ||    55
         Headbutt          ||     6
         Punch             ||     1
 Invoke: Berserk           ||     1
 Armour: Animal skin       ||    38
  Dodge: Dodged            ||    43
